 Dungeon Crawl Stone Soup version 0.28.0-43-g3370ac3207 (webtiles) character file.

Game seed: 9225402700372823302

656 Pinkishskies the Magician (level 7, -3/46 HPs)
             Began as a Djinni Fire Elementalist on Mar 10, 2022.
             Slain by an iguana (7 damage)
             ... on level 4 of the Dungeon.
             The game lasted 00:16:18 (7432 turns).

Pinkishskies the Magician (DjFE)                    Turns: 7432, Time: 00:16:19

Health: -3/46      AC:  6    Str:  7    XL:     7   Next: 85%
Gold:   192        EV: 12    Int: 18    God:
                   SH:  0    Dex: 14

rFire   + + .      SeeInvis .   (no weapon)
rCold   x . .      Faith    .   (no shield)
rNeg    . . .      Spirit   .   h - +0 leather armour
rPois   ∞          Reflect  .   y - +2 helmet
rElec   .          Harm     .   (no cloak)
rCorr   .          Rampage  .   (no gloves)
Will    .....                   (boots unavailable)
Stlth   ++........              (no amulet)
HPRegen 0.15/turn               (no ring)
MPRegen 0.00/turn               (no ring)

@: flying
A: sickness immunity, fire resistance 2, cold vulnerability 1, float, innate
caster, HP casting, extra vitality 1
a: no special abilities


You were on level 4 of the Dungeon.
You visited 1 branch of the dungeon, and saw 5 of its levels.
You also visited: Sewer.

You collected 192 gold pieces.

Inventory:

Hand Weapons
 r - a +2 vampiric short sword
Missiles
 l - 3 atropa-tipped darts
Armour
 a - a +0 robe
 b - a +0 barding
 h - a +0 leather armour (worn)
 y - a +2 helmet (worn)
Scrolls
 c - a scroll of fear {unknown}
 f - a scroll of magic mapping
 g - a scroll of blinking {unknown}
 i - a scroll of teleportation {unknown}
 j - a scroll of holy word {unknown}
 m - 2 scrolls of identify
 t - a scroll of fog {unknown}
 v - a scroll of immolation {unknown}
 w - a scroll of amnesia {unknown}
Potions
 d - a potion of curing {unknown}
 e - 2 potions of lignification {unknown}
 k - a potion of flight {unknown}
 n - a potion of resistance {unknown}
 o - a potion of mutation {unknown}
 p - 2 potions of might
 q - a potion of haste {unknown}
 s - 2 potions of ambrosia {unknown}
 u - a potion of invisibility {unknown}
 x - a potion of attraction {unknown}


   Skills:
 + Level 0.4 Fighting
 + Level 2.8 Armour
 + Level 2.6 Dodging
 + Level 2.5 Stealth
 + Level 5.7 Spellcasting


You couldn't memorise any spells.
You knew the following spells:

 Your Spells              Type           Power      Damage    Failure   Level
a - Foxfire               Conj/Fire      100%       2x1d9     1%          1
b - Scorch                Fire           50%        2d8       2%          2
c - Conjure Flame         Conj/Fire      25%        6-21      5%          3
d - Inner Flame           Hex/Fire       25%        N/A       5%          3
e - Flame Wave            Conj/Fire      25%        2d7       17%         4
f - Magic Dart            Conj           100%       1d8       1%          1
g - Call Imp              Summ           25%        N/A       2%          2
h - Corpse Rot            Necr/Air       50%        N/A       2%          2
Your spell library was empty.

Dungeon Overview and Level Annotations

Branches:
Dungeon (5/15)              Sewer (visited)
 Temple: D:4-7

Altars:
Ashenzari
Hepliaklqana
Makhleb
Nemelex Xobeh
Okawaru


Innate Abilities, Weirdness & Mutations

You are immune to sickness and miasma.
You are immune to poison.
Your flesh is very heat resistant. (rF++)
You are vulnerable to cold. (rC-)
You float through the air rather than walking.
You learn spells naturally, not from books.
Your magical power is your life essence.
You have superior vitality. (+4 MHP)


Message History

The scorpion is moderately wounded.
Casting: Foxfire (safe; 1% risk of failure)
Confirm with . or Enter, or press ? or * to list all spells.
You smell decay.
* * * LOW HITPOINT WARNING * * *
The scorpion stings you but does no damage.
The iguana bites you but does no damage.
Casting: Corpse Rot (safe; 2% risk of failure)
Confirm with . or Enter, or press ? or * to list all spells.
Okay, then.
Casting: Corpse Rot (safe; 2% risk of failure)
Confirm with . or Enter, or press ? or * to list all spells.
There is nothing fresh enough to decay nearby.
Casting: Corpse Rot (safe; 2% risk of failure)
Confirm with . or Enter, or press ? or * to list all spells.
Flames lash the scorpion.
The scorpion is heavily wounded.
The scorpion's fire resistance burns away.
* * * LOW HITPOINT WARNING * * *
Your crimson imp hits the iguana but does no damage.
The scorpion closely misses you. The iguana closely misses you.
Casting: Scorch (safe; 2% risk of failure)
Confirm with . or Enter, or press ? or * to list all spells.
Flames lash the scorpion.
The scorpion is burned terribly!
The scorpion is severely wounded.
* * * LOW HITPOINT WARNING * * *
The scorpion stings you.
* * * LOW HITPOINT WARNING * * *
Your crimson imp blinks!
The iguana barely misses you.
The scorpion stings you but does no damage.
Casting: Scorch (safe; 2% risk of failure)
Confirm with . or Enter, or press ? or * to list all spells.
Flames lash the iguana.
The iguana is almost dead.
The iguana's fire resistance burns away.
* * * LOW HITPOINT WARNING * * *
Your crimson imp blinks!
The iguana bites you!
You die...

§§§§≈≈§§#
.≈§_≈≈.§#
.≈≈.≈§..#
.≈≈.§≈§§# #####
.≈≈.§§§.# #...#
.≈§..≈..# #.§.#
.≈.8.≈..###...####
.......#......§l°#
.###...........s@#
......##........5#
.###..#####...####
..##..# #...#
...#..# #...#
......# ##.##
......# #.#
.....## #.# .....#
#.#####


You could see a scorpion (combustible), an iguana (combustible, ally target) and
a friendly crimson imp (summoned).

Vanquished Creatures
  A sky beast (D:4)
  3 kobold brigands (Sewer)
  A scorpion (D:4)
  A hound skeleton (D:4)
  5 adders
  3 gnolls (D:3)
  A white imp (D:3)
  5 dart slugs
  2 orcs (D:3)
  4 endoplasms
  6 giant cockroaches
  6 goblins
  7 hobgoblins
  12 jackals
  4 quokkas
  14 ball pythons
  22 bats
  8 frilled lizards
  12 kobolds
  10 rats
127 creatures vanquished.

Vanquished Creatures (collateral kills)
  A kobold brigand (Sewer)
  3 kobolds (Sewer)
  3 foxfires (Sewer)
7 creatures vanquished.

Vanquished Creatures (others)
  356 foxfires
  4 plants (Sewer)
360 creatures vanquished.

Grand Total: 494 creatures vanquished

Notes
Turn   | Place    | Note
-------+----------+-------------------------------------------
     0 | D:1      | Pinkishskies the Djinni Fire Elementalist began the quest
                  | for the Orb.
     0 | D:1      | Reached XP level 1. HP: 15/15 MP: 0/0
   383 | D:1      | Reached XP level 2. HP: 17/21 MP: 0/0
  1332 | D:1      | Reached XP level 3. HP: 21/25 MP: 0/0
  1332 | D:1      | Learned a level 1 spell: Magic Dart
  1400 | D:1      | Reached skill level 3 in Spellcasting
  2428 | D:1      | Found a sparkling altar of Nemelex Xobeh.
  2797 | D:2      | Reached XP level 4. HP: 28/31 MP: 0/0
  4147 | D:3      | Found a glowing drain.
  4171 | D:3      | Reached XP level 5. HP: 13/35 MP: 0/0
  4171 | D:3      | Learned a level 2 spell: Call Imp
  4265 | Sewer    | Entered a sewer
  4732 | Sewer    | Noticed a kobold brigand
  4732 | Sewer    | Noticed a kobold brigand
  4746 | Sewer    | Killed a kobold brigand
  4747 | Sewer    | Reached skill level 1 in Armour
  4747 | Sewer    | Reached skill level 4 in Spellcasting
  4749 | Sewer    | Killed a kobold brigand
  4750 | Sewer    | Reached XP level 6. HP: 22/41 MP: 0/0
  5254 | Sewer    | Reached XP level 7. HP: 36/46 MP: 0/0
  5254 | Sewer    | Learned a level 2 spell: Corpse Rot
  5326 | D:3      | Reached skill level 5 in Spellcasting
  5668 | D:3      | Found a faded altar of an unknown god.
  5893 | D:3      | Found a burning altar of Makhleb.
  6346 | D:4      | Found a broken altar of Ashenzari.
  6789 | D:4      | Found an iron altar of Okawaru.
  7284 | D:4      | Found a hazy altar of Hepliaklqana.
  7343 | D:5      | Entered Level 5 of the Dungeon
  7432 | D:4      | Slain by an iguana

Illustrated notes

Levels and vault maps discovered:
D:1:      sevenhm_arrival_forest_fort_large_2, layout_loops_ring,
          minmay_hexomino_r4
D:2:      layout_loops_ring, nrook_mini_vaults, minmay_tall_x
D:3:      kennysheep_big_flooded_room, layout_loops_ring,
          mainiacjoe_overflow_boulevard, gup_sewer_entry_glass,
          dreamdust_ecumenical_altar_grove, minmay_misc_feat_more_columns
D:4:      layout_loops_ring, mainiacjoe_overflow_catwalk,
          okawaru_ov_weapons_minmay, kennysheep_little_box,
          hangedman_decor_clover_reticule, roderic_batcave
D:5:      layout_rooms, minmay_temple_entry_slanted

Skill      XL: |  1  2  3  4  5  6  7 |
---------------+----------------------+-----
Spellcasting   | 3 4 5 |  5.7
Stealth        | 2 |  2.5
Armour         | 2 |  2.8
Fighting       | |  0.4
Dodging        | |  2.6

Action                   |  1- 3 |  4- 6 |  7- 9 || total
-------------------------+-------+-------+-------++-------
Melee: Unarmed           |       |     9 |       ||     9
 Cast: Foxfire           |    75 |    67 |   110 ||   252
       Scorch            |    16 |    19 |    10 ||    45
       Magic Dart        |     2 |     1 |       ||     3
       Call Imp          |       |     9 |     5 ||    14
       Corpse Rot        |       |       |     1 ||     1
  Use: Scroll            |       |     1 |     1 ||     2
Armor: Robe              |     2 |     1 |       ||     3
       Leather armour    |       |     8 |     9 ||    17
Dodge: Dodged            |    14 |    19 |    18 ||    51
